 Dungeon Crawl Stone Soup version 0.31-a0-1-g4198be8af4 (webtiles) character file.

Game seed: 16300545199485957498

3 subawu the Stinger (level 1, -4/14 HPs)
             Began as a Draconian Venom Mage on May 2, 2023.
             Frozen to death by an endoplasm (5 damage)
             ... on level 1 of the Dungeon.
             The game lasted 00:00:43 (151 turns).

subawu the Stinger (Draconian Venom Mage)            Turns: 151, Time: 00:00:43

Health: -4/14      AC:  5    Str: 10    XL:     1   Next: 41%
Magic:  3/3        EV: 12    Int: 15    God:
Gold:   8          SH:  0    Dex: 11    Spells: 3/4 levels left

rFire   . . .        (no weapon)
rCold   . . .        (no shield)
rNeg    . . .        (body armour unavailable)
rPois   .            (helmet restricted)
rElec   .            c - +0 cloak
rCorr   .            (no gloves)
SInv    .            (no boots)
Will    .....        (no amulet)
Stlth   ++           (no ring)
HPRegen 0.22/turn    (no ring)
MPRegen 0.08/turn

%: no passive effects
@: no status effects
A: AC +4, unfitting armour, cold-blooded
a: no special abilities


You were on level 1 of the Dungeon.
You visited 1 branch of the dungeon, and saw 1 of its levels.

You collected 8 gold pieces.

Inventory:

Missiles
 d - 4 stones
Armour
 c - a +0 cloak (worn)
Scrolls
 b - a scroll of noise {unknown}
Potions
 a - a potion of magic


   Skills:
 + Level 1.9 Dodging
 + Level 1.7 Stealth
 + Level 2.0 Spellcasting
 + Level 1.0 Transmutations
 + Level 3.1 Poison Magic


You had 3 spell levels left.
You knew the following spells:

 Your Spells              Type           Power      Damage    Failure   Level
a - Sting                 Tmut/Pois      28%        1d4       10%         1

Your spell library contained the following spells:

 Spells                   Type           Power      Damage    Failure   Level
 Poisonous Vapours        Pois/Air       12%        N/A       19%         2
 Mephitic Cloud           Conj/Pois/Air  4%         N/A       41%         3
 Olgreb's Toxic Radiance  Pois           10%        N/A       52%         4


Dungeon Overview and Level Annotations

Branches:
Dungeon (1/15)

Altars:


Innate Abilities, Weirdness & Mutations

Your plain brown scales are hard. (AC +4)
You cannot fit into any form of body armour.
You are cold-blooded and may be slowed by cold attacks.


Message History

The giant cockroach closely misses you. The giant cockroach barely misses you.
The dart slug misses you.
You hit the dart slug but do no damage. The giant cockroach barely misses you.
You hit the dart slug but do no damage. You tail-slap the dart slug.
The dart slug is heavily wounded.
The giant cockroach misses you. The dart slug bites you.
The giant cockroach bites you but does no damage.
The dart slug launches a dart at you. The slug dart hits you.
* * * LOW HITPOINT WARNING * * *
You hit the giant cockroach.
The giant cockroach is lightly wounded.
The giant cockroach barely misses you.
A hobgoblin comes into view. It is quivering poisoned darts.
The giant cockroach barely misses you.
The giant cockroach bites you but does no damage.
The giant cockroach attacks as you move away!
The giant cockroach bites you but does no damage.
You barely miss the giant cockroach.
The giant cockroach is lightly wounded.
The giant cockroach misses you.
You hit the giant cockroach.
Your tail-slap misses the giant cockroach.
The giant cockroach is heavily wounded.
The giant cockroach closely misses you.
You hit the giant cockroach but do no damage.
The giant cockroach is heavily wounded.
The giant cockroach bites you but does no damage.
You hit the giant cockroach but do no damage.
The giant cockroach is heavily wounded.
The giant cockroach closely misses you. The giant cockroach barely misses you.
The endoplasm freezes you.
You are frozen.
* * * LOW HITPOINT WARNING * * *
You barely miss the giant cockroach.
The giant cockroach is heavily wounded.
The giant cockroach bites you but does no damage.
The endoplasm freezes you.
You are frozen.
You die...

#. #.##.# #.##
### ###.##.# ...
... #...##.# #.#
#g###......#
#...#.#...######
#..#.#..##
#g......#
#J##†.#.#
#.@Bw...#
#######.# #.#
#.. ####


You could see a dart slug, an endoplasm, a giant cockroach and a hobgoblin.

Vanquished Creatures
  A ball python (D:1)
  A hobgoblin (D:1)
  A rat (D:1)
3 creatures vanquished.

Notes
Turn   | Place    | Note
-------+----------+-------------------------------------------
     0 | D:1      | subawu the Draconian Venom Mage began the quest for the
                  | Orb.
     0 | D:1      | Reached XP level 1. HP: 14/14 MP: 3/3
   151 | D:1      | Frozen to death by an endoplasm

Illustrated notes

Levels and vault maps discovered:
D:1:      ebering_trefoil_twist, layout_basic, minmay_misc_feat_encased,
          reono_crystal_passage, minmay_quantized

Action                     || total
---------------------------++-------
  Melee: Unarmed           ||    25
         Tailslap          ||     5
   Stab: Sleeping          ||     1
 Armour: Skin              ||     9
  Dodge: Dodged            ||    27

Table legend: (Time is in decaauts)
 A = Elapsed time spent in this place.
 B = Non-inter-level travel time spent in this place.
 C = Inter-level travel time spent in this place.
 D = Time resting spent in this place.
 E = Time spent auto-exploring this place.
 F = Levels seen in this place.
 G = Mean time per level.
                   A        B        C        D        E       F      G
               +--------+--------+--------+--------+--------+-----+--------+
         Total |    151 |    151 |      0 |      0 |      0 |   1 |  151.0 |
       Dungeon |    151 |    151 |      0 |      0 |      0 |   1 |  151.0 |
               +--------+--------+--------+--------+--------+-----+--------+

Top non-repeatable levels by time:
     D:1: 151 daAuts
